[Event "Arisan Chess Ladies WGM 2019"]
[Site "Modra-Piesok"]
[Date "2019.09.17"]
[Round "4.1"]
[White "Dimitrijevic, Aleksandra"]
[Black "Trippold, Denise"]
[Result "1/2-1/2"]
[ECO "E11"]
[WhiteElo "2142"]
[BlackElo "2184"]
[Annotator "NA"]
[PlyCount "81"]
[EventDate "2019.09.14"]
[EventType "tourn"]
[EventCountry "SVK"]
[SourceTitle "playchess.com"]
[Source "ChessBase"]
[SourceQuality "1"]
[TimeControl "40/5400+30:1800+30"]

1. d4 d5 2. c4 e6 3. Nf3 Nf6 4. g3 Bb4+ 5. Bd2 Be7 6. Bg2 c6 7. O-O Nbd7 8. Nc3 b6 9. Qc2 Ba6 10. cxd5 cxd5 11. Rfe1 O-O 12. Rac1 Rc8 13. Qb1 Bb7 14. Rc2 a6 15. a4 Nb8 16. Ne5 Nc6 17. Nxc6 Bxc6 18. b3 Qd7 19. Na2 Ne4 20. Bb4 Nd6 21. Rec1 a5 22. Ba3 Bb7 23. Rxc8 Rxc8 24. Rxc8+ Qxc8 25. Qc1 Qxc1+ 26. Nxc1 Nf5 27. Bxe7 Nxe7 28. e3 Ba6 29. Bf1 Bxf1 30. Kxf1 g5 31. h3 h5 32. Nd3 f6 33. Ke2 Kf7 34. f3 Nc6 35. f4 g4 36. hxg4 hxg4 37. Nf2 f5 38. Nd3 Ke7 39. Ne5 Nb4 40. Kd2 Kd6 41. Nd3 {[%emt 0:30:45] Ke5} 1/2-1/2

[Event "Arisan Chess Ladies WGM 2019"]
[Site "Modra-Piesok"]
[Date "2019.09.17"]
[Round "4.2"]
[White "Kantorik, Marian"]
[Black "Kanakova, Natalie"]
[Result "1/2-1/2"]
[ECO "B14"]
[WhiteElo "2150"]
[BlackElo "2201"]
[Annotator "NA"]
[PlyCount "45"]
[EventDate "2019.09.14"]
[EventType "tourn"]
[EventCountry "SVK"]
[SourceTitle "playchess.com"]
[Source "ChessBase"]
[SourceQuality "1"]
[TimeControl "40/5400+30:1800+30"]

1. c4 c5 2. Nc3 g6 3. Nf3 Bg7 4. e3 Nf6 5. d4 cxd4 6. exd4 d5 7. Qb3 O-O 8. cxd5 Nbd7 9. Bg5 Nb6 10. Bxf6 Bxf6 11. Be2 e6 12. dxe6 Bxe6 13. Qd1 Nd5 14. Nxd5 Bxd5 15. O-O Qb6 16. b3 Qa5 17. Qe1 Qa3 18. Qc1 Qb4 19. Qe1 Qa3 20. Qc1 Qb4 21. Qe1 Qa3 22. Qc1 Qb4 23. Qe1 1/2-1/2

[Event "Arisan Chess Ladies WGM 2019"]
[Site "Modra-Piesok"]
[Date "2019.09.17"]
[Round "4.3"]
[White "Cibickova, Zuzana"]
[Black "Gvanceladze, Anna"]
[Result "0-1"]
[ECO "B12"]
[WhiteElo "2244"]
[BlackElo "2247"]
[Annotator "NA"]
[PlyCount "42"]
[EventDate "2019.09.14"]
[EventType "tourn"]
[EventCountry "SVK"]
[SourceTitle "playchess.com"]
[Source "ChessBase"]
[SourceQuality "1"]
[TimeControl "40/5400+30:1800+30"]

1. e4 c6 2. d4 d5 3. e5 Bf5 4. Nf3 e6 5. Be2 c5 6. O-O Nc6 7. c3 Bg6 8. Be3 cxd4 9. cxd4 Nh6 10. Nc3 Nf5 11. Qd2 Be7 12. Bf4 O-O 13. Rac1 Bh5 14. Ne1 Bxe2 15. Nxe2 f6 16. Nf3 g5 17. exf6 Bb4 18. Bc7 Bxd2 19. Bxd8 Bxc1 20. Be7 Nfxe7 21. fxe7 Rxf3 0-1

[Event "Arisan Chess Ladies WGM 2019"]
[Site "Modra-Piesok"]
[Date "2019.09.17"]
[Round "5.1"]
[White "Gvanceladze, Anna"]
[Black "Dimitrijevic, Aleksandra"]
[Result "1/2-1/2"]
[ECO "D52"]
[WhiteElo "2247"]
[BlackElo "2142"]
[Annotator "ChessBase"]
[PlyCount "111"]
[EventDate "2019.09.14"]
[EventType "tourn"]
[EventCountry "SVK"]
[SourceTitle "playchess.com"]
[Source "ChessBase"]
[SourceQuality "1"]
[TimeControl "40/5400+30:1800+30"]

1. d4 d5 2. Nf3 Nf6 3. c4 c6 4. Nc3 e6 5. Bg5 Nbd7 6. e3 h6 7. Bh4 Bd6 8. cxd5 exd5 9. Bd3 O-O 10. O-O Re8 11. Rb1 b6 12. b4 Bb7 13. Qa4 a5 14. bxa5 Rxa5 15. Qc2 Ba8 16. Bf5 Qc7 17. Rfc1 Qa7 18. a4 Bb8 19. Nd2 Qc7 20. Nf3 Qa7 21. Qb3 Bc7 22. Rc2 Bd8 23. Nd2 c5 24. Bg3 Bc6 25. Ra2 Nf8 26. Qd1 Ne6 27. Nf3 Nd7 28. Ne5 Nxe5 29. Bxe5 Nf8 30. Qg4 g6 31. Bd6 cxd4 32. exd4 Bxa4 33. Bb4 Bd1 34. Qxd1 Rxa2 35. Nxa2 Qxa2 36. Bd3 Bf6 37. Bc3 Qa7 38. Qb3 Rc8 39. Ba1 Ne6 40. Qxd5 Qa3 41. Bf1 Rd8 42. Qc6 Bxd4 43. Bxd4 Nxd4 44. Qxb6 Qd6 45. Qa7 Nc6 46. Qe3 Kg7 47. h3 Qd4 48. Qc1 Rb8 49. Ra1 Ne5 50. Ra2 Rd8 51. Ra5 Rd5 52. Ra8 Rc5 53. Qb1 Nd7 54. Rd8 Rd5 55. Qa2 Nf6 56. Rxd5 1/2-1/2

[Event "Arisan Chess Ladies WGM 2019"]
[Site "Modra-Piesok"]
[Date "2019.09.17"]
[Round "5.2"]
[White "Kanakova, Natalie"]
[Black "Cibickova, Zuzana"]
[Result "0-1"]
[ECO "C45"]
[WhiteElo "2201"]
[BlackElo "2244"]
[Annotator "ChessBase"]
[PlyCount "50"]
[EventDate "2019.09.14"]
[EventType "tourn"]
[EventCountry "SVK"]
[SourceTitle "playchess.com"]
[Source "ChessBase"]
[SourceQuality "1"]
[TimeControl "40/5400+30:1800+30"]

1. e4 e5 2. Nf3 Nc6 3. d4 exd4 4. Nxd4 Nf6 5. Nxc6 bxc6 6. e5 Qe7 7. Qe2 Nd5 8. c4 Nb6 9. Nd2 Qe6 10. Qe4 Bb4 11. a3 d5 12. Qe3 Be7 13. b3 f6 14. Bb2 fxe5 15. Qxe5 O-O 16. Qxe6+ Bxe6 17. Be2 Rad8 18. Rd1 dxc4 19. bxc4 Na4 20. Be5 Bxa3 21. Bxc7 Bb4 22. Be5 Nc3 23. Bxc3 Bxc3 24. Bf1 Rxd2 25. Rxd2 Rd8 0-1

[Event "Arisan Chess Ladies WGM 2019"]
[Site "Modra-Piesok"]
[Date "2019.09.17"]
[Round "5.3"]
[White "Trippold, Denise"]
[Black "Kantorik, Marian"]
[Result "1/2-1/2"]
[ECO "D80"]
[WhiteElo "2184"]
[BlackElo "2150"]
[Annotator "ChessBase"]
[PlyCount "84"]
[EventDate "2019.09.14"]
[EventType "tourn"]
[EventCountry "SVK"]
[SourceTitle "playchess.com"]
[Source "ChessBase"]
[SourceQuality "1"]
[TimeControl "40/5400+30:1800+30"]

1. d4 Nf6 2. c4 g6 3. Nc3 d5 4. cxd5 Nxd5 5. e4 Nxc3 6. bxc3 Bg7 7. Nf3 c5 8. Be3 Qa5 9. Qd2 Nc6 10. Rc1 cxd4 11. cxd4 Qxd2+ 12. Kxd2 O-O 13. d5 Rd8 14. Kc2 Na5 15. Bg5 Kf8 16. Bd2 b6 17. Bxa5 bxa5 18. Bc4 Bd7 19. e5 Bf5+ 20. Kb3 Be4 21. Rhe1 Bxd5 22. Bxd5 Rxd5 23. Rc7 Rb5+ 24. Ka3 a6 25. Rc6 e6 26. Re2 Ke8 27. Ka4 h6 28. Rxa6 Rab8 29. Ra8 Rxa8 30. Kxb5 a4 31. a3 Bf8 32. Re3 Be7 33. Nd2 Rb8+ 34. Kxa4 Ra8+ 35. Kb5 Bxa3 36. Ne4 Be7 37. Re2 g5 38. f3 Rb8+ 39. Kc6 Rc8+ 40. Kb5 Rb8+ 41. Kc6 Rc8+ 42. Kb5 Rb8+ 1/2-1/2

[Event "Arisan Chess Ladies WGM 2019"]
[Site "Modra-Piesok"]
[Date "2019.09.18"]
[Round "6.2"]
[White "Trippold, Denise"]
[Black "Cibickova, Zuzana"]
[Result "0-1"]
[ECO "D78"]
[WhiteElo "2184"]
[BlackElo "2244"]
[Annotator "NA"]
[PlyCount "94"]
[EventDate "2019.09.14"]
[EventType "tourn"]
[EventCountry "SVK"]
[SourceTitle "playchess.com"]
[Source "ChessBase"]
[SourceQuality "1"]
[TimeControl "40/5400+30:1800+30"]

1. d4 d5 2. c4 c6 3. Nf3 Nf6 4. Nc3 dxc4 5. g3 g6 6. Bg2 Bg7 7. O-O O-O 8. a4 Na6 9. a5 Nd7 10. Be3 Nf6 11. Qa4 Be6 12. Ng5 Bd5 13. f3 b5 14. Qd1 Nd7 15. Nh3 Nc7 16. Bf2 f6 17. e4 Bf7 18. Qe2 Qb8 19. Rfd1 Qb7 20. f4 e6 21. Be3 Kh8 22. Nf2 Rad8 23. h4 Rfe8 24. Bf3 Nf8 25. Kh2 e5 26. dxe5 fxe5 27. f5 Rxd1 28. Rxd1 b4 29. Na4 Nb5 30. Nc5 Qe7 31. Ne6 Nxe6 32. fxe6 Bxe6 33. Bg5 Qf7 34. Qe3 Nd4 35. Bg2 Rf8 36. Rf1 Nf3+ 37. Kh1 Nxg5 38. hxg5 Qe7 39. Rc1 Rd8 40. Bf1 Rd4 41. Be2 Qd8 42. Ng4 Rxe4 43. Qxe4 Bd5 44. Rxc4 Bxe4+ 45. Rxe4 Qxg5 46. Rxb4 h5 47. Nf2 Qe3 0-1

[Event "Arisan Chess Ladies WGM 2019"]
[Site "Modra-Piesok"]
[Date "2019.09.18"]
[Round "6.3"]
[White "Kanakova, Natalie"]
[Black "Gvanceladze, Anna"]
[Result "1/2-1/2"]
[ECO "D10"]
[WhiteElo "2201"]
[BlackElo "2247"]
[Annotator "NA"]
[PlyCount "289"]
[EventDate "2019.09.14"]
[EventType "tourn"]
[EventCountry "SVK"]
[SourceTitle "playchess.com"]
[Source "ChessBase"]
[SourceQuality "1"]
[TimeControl "40/5400+30:1800+30"]

1. c4 c6 2. d4 d5 3. cxd5 cxd5 4. Bg5 Nf6 5. Bxf6 gxf6 6. Nc3 Nc6 7. e3 e6 8. Bd3 Bd7 9. Rc1 Rc8 10. Nge2 Bd6 11. O-O f5 12. f3 Qh4 13. f4 Rg8 14. Rf3 Rg4 15. Qe1 Qf6 16. Kh1 Kf8 17. Rh3 Kg8 18. Ng3 Kh8 19. Be2 Rg6 20. Bh5 Rh6 21. Nge2 Nb4 22. Rd1 Rg8 23. Ng1 Be7 24. Qe2 Qg7 25. Rg3 Qf8 26. Rxg8+ Qxg8 27. Nh3 f6 28. Bf3 Bd6 29. Rc1 Rg6 30. Nb5 Bb8 31. a3 Nc6 32. Nc3 Rg7 33. b4 Qe8 34. Qf2 Qf8 35. Qc2 Ne7 36. Qf2 Nc8 37. Nb1 Nd6 38. Nd2 Qd8 39. Be2 Ne4 40. Nxe4 fxe4 41. Qh4 Bd6 42. Rb1 Rg8 43. Nf2 f5 44. Qxd8 Rxd8 45. Rc1 Ra8 46. g4 a5 47. Rc2 axb4 48. axb4 Ra3 49. gxf5 exf5 50. Nd1 Ba4 51. Rc8+ Kg7 52. Nc3 Bc6 53. Nxd5 Bxd5 54. Rd8 Bxb4 55. Rxd5 Rxe3 56. Bb5 Bc3 57. Rxf5 Bxd4 58. Rd5 Re1+ 59. Kg2 Rg1+ 60. Kh3 Bf6 61. Rd2 Rb1 62. Be2 Kg6 63. Rd5 b6 64. Kg2 Rb3 65. Bh5+ Kh6 66. Be2 Kg7 67. Rd7+ Kg6 68. Rd5 Rc3 69. Bh5+ Kh6 70. Be2 Rc6 71. Kf2 Re6 72. Ke3 Bb2 73. Rh5+ Kg7 74. Rg5+ Kf8 75. Bc4 Bc1+ 76. Kd4 Rf6 77. Rg8+ Ke7 78. Kxe4 Rxf4+ 79. Kd3 Rh4 80. Rg7+ Kd6 81. Bg8 h6 82. Rg6+ Kc5 83. Rg2 Bf4 84. Rc2+ Kd6 85. Rb2 Kc7 86. Rb4 Rh3+ 87. Ke4 Bxh2 88. Rb3 Rh4+ 89. Kf3 Bd6 90. Rc3+ Kd7 91. Rb3 Kc6 92. Rc3+ Kb5 93. Rd3 Bc5 94. Kg3 Rh1 95. Bd5 Re1 96. Rb3+ Ka4 97. Rb2 Re5 98. Bc6+ Ka3 99. Rd2 Kb4 100. Kh4 Be7+ 101. Kh3 Bc5 102. Kh4 Kc3 103. Rd5 Re6 104. Bd7 Rf6 105. Kh5 Kc4 106. Rf5 Rd6 107. Be8 Be3 108. Re5 Kd4 109. Rf5 Rd8 110. Bc6 Rg8 111. Rb5 Kd3 112. Rd5+ Ke2 113. Kh4 Rg6 114. Be8 Re6 115. Bb5+ Kf3 116. Bd7 Rg6 117. Rf5+ Bf4 118. Rf8 Rd6 119. Bg4+ Ke3 120. Re8+ Kf2 121. Re6 Bg5+ 122. Kh5 Rd5 123. Kg6 b5 124. Rb6 Bd8 125. Rb8 Bg5 126. Rf8+ Kg3 127. Be6 Rc5 128. Rf5 Rc6 129. Kf7 b4 130. Rb5 Bd2 131. Rd5 Rc2 132. Kg6 Kf4 133. Rd3 Ke5 134. Bf7 Rc6+ 135. Kh5 Bg5 136. Rb3 Rb6 137. Bg8 Kf6 138. Rf3+ Kg7 139. Bb3 Rb7 140. Bd5 Rd7 141. Bb3 Rb7 142. Bd5 Rb5 143. Rf7+ Kg8 144. Rf5+ Kg7 145. Rf7+ 1/2-1/2

[Event "Arisan Chess Ladies WGM 2019"]
[Site "Modra-Piesok"]
[Date "2019.09.19"]
[Round "7.1"]
[White "Kanakova, Natalie"]
[Black "Dimitrijevic, Aleksandra"]
[Result "0-1"]
[ECO "E68"]
[WhiteElo "2201"]
[BlackElo "2142"]
[Annotator "ChessBase"]
[PlyCount "104"]
[EventDate "2019.09.14"]
[EventType "tourn"]
[EventCountry "SVK"]
[SourceTitle "playchess.com"]
[Source "ChessBase"]
[SourceQuality "1"]
[TimeControl "40/5400+30:1800+30"]

1. c4 e5 2. Nc3 d6 3. g3 c6 4. d4 Nf6 5. Bg2 Nbd7 6. e4 g6 7. Nge2 Bg7 8. O-O O-O 9. b3 exd4 10. Nxd4 Re8 11. Bb2 Nc5 12. Re1 a5 13. Qd2 Qb6 14. Rad1 a4 15. Qc2 axb3 16. axb3 Bg4 17. f3 Bc8 18. Kh1 Nfd7 19. Nce2 Ra2 20. Nc1 Rxb2 21. Qxb2 Ne6 22. e5 Bxe5 23. Qf2 Ndf8 24. Qe3 Nxd4 25. Rxd4 Bd7 26. Re4 Bd4 27. Qd2 Rxe4 28. Rxe4 Bc5 29. Re2 Be6 30. Qc2 Bd4 31. Nd3 Qa6 32. Qa2 Qb6 33. Nf4 Bd7 34. Bh3 Bxh3 35. Nxh3 Ne6 36. Re4 d5 37. Re2 Kg7 38. Kg2 Qb4 39. cxd5 cxd5 40. Qa4 Qc3 41. Qb5 Bc5 42. Qxb7 Nd4 43. Rf2 Nf5 44. Re2 Ne3+ 45. Kf2 Qc1 46. Rxe3 Qxe3+ 47. Kf1 Qxf3+ 48. Ke1 Qh1+ 49. Ke2 Qxh2+ 50. Kd3 Qxg3+ 51. Kd2 Qxh3 52. Qxd5 Qf5 0-1

[Event "Arisan Chess Ladies WGM 2019"]
[Site "Modra-Piesok"]
[Date "2019.09.19"]
[Round "7.2"]
[White "Gvanceladze, Anna"]
[Black "Trippold, Denise"]
[Result "1/2-1/2"]
[ECO "D05"]
[WhiteElo "2247"]
[BlackElo "2184"]
[Annotator "ChessBase"]
[PlyCount "93"]
[EventDate "2019.09.14"]
[EventType "tourn"]
[EventCountry "SVK"]
[SourceTitle "playchess.com"]
[Source "ChessBase"]
[SourceQuality "1"]
[TimeControl "40/5400+30:1800+30"]

1. d4 Nf6 2. Nf3 e6 3. e3 d5 4. Bd3 c5 5. b3 Nc6 6. O-O Bd6 7. dxc5 Bxc5 8. Bb2 O-O 9. Nbd2 b6 10. a3 Bb7 11. Qe2 Rc8 12. Rad1 Be7 13. Rfe1 Qc7 14. e4 Rfd8 15. c4 dxc4 16. Nxc4 b5 17. Ne3 a6 18. h4 h6 19. e5 Nd7 20. Ng4 Na5 21. Qe3 Bf8 22. Bb1 h5 23. Nf6+ Kh8 24. Qg5 g6 25. Bxg6 Bxf3 26. Bxh5 Nxf6 27. Qxf6+ Bg7 28. Qxf3 Kg8 29. Rxd8+ Rxd8 30. Rc1 Qe7 31. Qc3 Qxh4 32. Qxa5 Bh6 33. g3 Qg5 34. Rf1 Rd3 35. Bxf7+ Kxf7 36. Qc7+ Kg8 37. Kg2 Qg4 38. Qc8+ Kf7 39. Qc7+ Kg8 40. Qb8+ Kg7 41. Qb7+ Kg6 42. Qc6 Kg7 43. b4 Bf4 44. Qb7+ Kg8 45. Qc8+ Kg7 46. Qb7+ Kg8 47. Qc8+ 1/2-1/2

[Event "Arisan Chess Ladies WGM 2019"]
[Site "Modra-Piesok"]
[Date "2019.09.19"]
[Round "7.3"]
[White "Cibickova, Zuzana"]
[Black "Kantorik, Marian"]
[Result "1/2-1/2"]
[ECO "C06"]
[WhiteElo "2244"]
[BlackElo "2150"]
[Annotator "NA"]
[PlyCount "41"]
[EventDate "2019.09.14"]
[EventType "tourn"]
[EventCountry "SVK"]
[SourceTitle "playchess.com"]
[Source "ChessBase"]
[SourceQuality "1"]
[TimeControl "40/5400+30:1800+30"]

1. e4 e6 2. d4 d5 3. Nd2 Nf6 4. e5 Nfd7 5. Bd3 c5 6. c3 Nc6 7. Ne2 cxd4 8. cxd4 f6 9. exf6 Qxf6 10. O-O Bd6 11. Nf3 h6 12. Bc2 O-O 13. Qd3 Rd8 14. Qh7+ Kf7 15. Ng3 Nf8 16. Qh8 Ng6 17. Qh7 Nf8 18. Qh8 Ng6 19. Qh7 Nf8 20. Qh8 Ng6 21. Qh7 1/2-1/2

[Event "Arisan Chess Ladies WGM 2019"]
[Site "Modra-Piesok"]
[Date "2019.09.19"]
[Round "8.2"]
[White "Kantorik, Marian"]
[Black "Gvanceladze, Anna"]
[Result "0-1"]
[ECO "B13"]
[WhiteElo "2150"]
[BlackElo "2247"]
[Annotator "ChessBase"]
[PlyCount "116"]
[EventDate "2019.09.14"]
[EventType "tourn"]
[EventCountry "SVK"]
[SourceTitle "playchess.com"]
[Source "ChessBase"]
[SourceQuality "1"]
[TimeControl "40/5400+30:1800+30"]

1. e4 c6 2. d4 d5 3. exd5 cxd5 4. Bd3 Nc6 5. c3 Qc7 6. Ne2 Bg4 7. O-O e6 8. Qe1 Bxe2 9. Qxe2 Bd6 10. h3 Nf6 11. Nd2 O-O 12. Nf3 Bf4 13. Re1 Rfc8 14. a4 a6 15. Bxf4 Qxf4 16. Ne5 Nxe5 17. dxe5 Nd7 18. a5 Rc5 19. Qe3 Qxe3 20. Rxe3 Rac8 21. Ra4 Nb8 22. Ra3 g6 23. Kf1 Rd8 24. b4 Rc7 25. g3 Kg7 26. Be2 Nd7 27. Kg2 Nb8 28. Ra1 Rdc8 29. Ra3 Nc6 30. Bf3 Ne7 31. Be2 g5 32. Rb3 h6 33. Ra3 Rd8 34. Rb3 Nc6 35. Bf3 Na7 36. Be2 Nb5 37. Bxb5 axb5 38. Rd3 Rc4 39. Kf3 h5 40. Ke2 Kg6 41. Ra3 Ra8 42. f3 Kf5 43. Re3 h4 44. g4+ Kf4 45. Kf2 Ra6 46. Ra1 Ra7 47. Rae1 b6 48. axb6 Ra2+ 49. R1e2 Rxe2+ 50. Rxe2 Rc6 51. Ra2 Rxb6 52. Ra7 Rc6 53. Rxf7+ Kxe5 54. Rg7 Rxc3 55. Rxg5+ Kf4 56. Rh5 Rxf3+ 57. Kg2 Rg3+ 58. Kh2 Rb3 0-1

[Event "Arisan Chess Ladies WGM 2019"]
[Site "Modra-Piesok"]
[Date "2019.09.19"]
[Round "8.3"]
[White "Trippold, Denise"]
[Black "Kanakova, Natalie"]
[Result "1-0"]
[ECO "E04"]
[WhiteElo "2184"]
[BlackElo "2201"]
[Annotator "NA"]
[PlyCount "65"]
[EventDate "2019.09.14"]
[EventType "tourn"]
[EventCountry "SVK"]
[SourceTitle "playchess.com"]
[Source "ChessBase"]
[SourceQuality "1"]
[TimeControl "40/5400+30:1800+30"]

1. d4 d5 2. Nf3 Nf6 3. c4 dxc4 4. g3 c5 5. Bg2 Nc6 6. Na3 e6 7. O-O cxd4 8. Nxc4 Bc5 9. a3 a5 10. Nfe5 Nxe5 11. Nxe5 O-O 12. Nd3 Bd6 13. Bf4 Bxf4 14. gxf4 Nd5 15. Qa4 Qf6 16. Rfd1 b5 17. Qc2 Bb7 18. Qd2 Rab8 19. Rac1 a4 20. Rc5 Ba8 21. Rdc1 h5 22. Kh1 Rfd8 23. R1c2 h4 24. h3 Qg6 25. Bf3 Nf6 26. Bxa8 Rxa8 27. Rxb5 Ne4 28. Qc1 Nd6 29. Rbc5 Ne4 30. Rc7 Qf5 31. Kh2 Rd5 32. Rc8+ Kh7 33. Rxa8 1-0

[Event "Arisan Chess Ladies WGM 2019"]
[Site "Modra-Piesok"]
[Date "2019.09.20"]
[Round "9.1"]
[White "Trippold, Denise"]
[Black "Dimitrijevic, Aleksandra"]
[Result "1-0"]
[ECO "A41"]
[WhiteElo "2184"]
[BlackElo "2142"]
[Annotator "NA"]
[PlyCount "61"]
[EventDate "2019.09.14"]
[EventType "tourn"]
[EventCountry "SVK"]
[SourceTitle "playchess.com"]
[Source "ChessBase"]
[SourceQuality "1"]
[TimeControl "40/5400+30:1800+30"]

1. d4 d6 2. Nf3 Nf6 3. g3 Nbd7 4. Bg2 e5 5. b3 c6 6. O-O Be7 7. c4 O-O 8. Nc3 e4 9. Ne1 d5 10. cxd5 cxd5 11. f3 exf3 12. Bxf3 Nb6 13. a4 Be6 14. Ng2 Rc8 15. Bb2 Bh3 16. Qd3 Qd7 17. a5 Na8 18. e4 dxe4 19. Nxe4 Nc7 20. Nxf6+ Bxf6 21. Bxb7 Rcd8 22. Rxf6 gxf6 23. Ne3 Rfe8 24. d5 Rxe3 25. Qxe3 Nxd5 26. Qxa7 Nf4 27. gxf4 Qg4+ 28. Kh1 Rd7 29. Rg1 Rd1 30. Rxd1 Qxd1+ 31. Qg1+ 1-0

[Event "Arisan Chess Ladies WGM 2019"]
[Site "Modra-Piesok"]
[Date "2019.09.20"]
[Round "9.2"]
[White "Kanakova, Natalie"]
[Black "Kantorik, Marian"]
[Result "1/2-1/2"]
[ECO "B00"]
[WhiteElo "2201"]
[BlackElo "2150"]
[Annotator "NA"]
[PlyCount "43"]
[EventDate "2019.09.14"]
[EventType "tourn"]
[EventCountry "SVK"]
[SourceTitle "playchess.com"]
[Source "ChessBase"]
[SourceQuality "1"]
[TimeControl "40/5400+30:1800+30"]

1. e4 e5 2. Nf3 Nc6 3. d4 exd4 4. Nxd4 Nf6 5. Nc3 Bb4 6. Nxc6 bxc6 7. Bd3 O-O 8. O-O d5 9. exd5 cxd5 10. Bg5 Be7 11. h3 c6 12. Qf3 Be6 13. Rfe1 h6 14. Bxh6 gxh6 15. Rxe6 fxe6 16. Qg3+ Kh8 17. Qg6 Qe8 18. Qxh6+ Kg8 19. Qg5+ Kh8 20. Qh6+ Kg8 21. Qg5+ Kh8 22. Qh6+ 1/2-1/2

[Event "Arisan Chess Ladies WGM 2019"]
[Site "Modra-Piesok"]
[Date "2019.09.20"]
[Round "9.3"]
[White "Gvanceladze, Anna"]
[Black "Cibickova, Zuzana"]
[Result "1/2-1/2"]
[ECO "A49"]
[WhiteElo "2247"]
[BlackElo "2244"]
[Annotator "NA"]
[PlyCount "110"]
[EventDate "2019.09.14"]
[EventType "tourn"]
[EventCountry "SVK"]
[SourceTitle "playchess.com"]
[Source "ChessBase"]
[SourceQuality "1"]
[TimeControl "40/5400+30:1800+30"]

1. d4 Nf6 2. Nf3 g6 3. g3 c5 4. d5 b5 5. c4 bxc4 6. Nc3 d6 7. Bg2 Bg7 8. O-O O-O 9. Nd2 Ba6 10. Qa4 Qd7 11. Qc2 Qb7 12. Re1 Nbd7 13. h3 Rab8 14. Rb1 Qa8 15. Kh2 Bb7 16. e4 Ne5 17. Nb5 Ne8 18. Re3 Ba6 19. Na3 Rb4 20. Bf1 e6 21. dxe6 fxe6 22. f4 Nd3 23. Naxc4 Nxc1 24. Rxc1 Qd8 25. Bg2 Nc7 26. Rb3 Rxb3 27. Nxb3 g5 28. f5 exf5 29. exf5 Qf6 30. Qd2 Ne8 31. Qd5+ Kh8 32. Nba5 Qxf5 33. Qc6 Qc8 34. Re1 Bd4 35. b3 Qxc6 36. Bxc6 Rf2+ 37. Bg2 Nf6 38. Nxd6 Bc3 39. Re6 Rxa2 40. Nf7+ Kg7 41. Rxa6 Kxf7 42. Rxa7+ Ke6 43. Nc6 Rxa7 44. Nxa7 Be5 45. Bf3 Nd5 46. Kg2 Ne3+ 47. Kf2 Nf5 48. Bg4 h5 49. Bxh5 c4 50. bxc4 Bd4+ 51. Kf3 Bxa7 52. Bg4 Ke5 53. Bxf5 Kxf5 54. g4+ Ke5 55. h4 gxh4 {[%emt 0:00:10] Ke4+} 1/2-1/2

[Event "Arisan Chess Ladies WGM 2019"]
[Site "Modra-Piesok"]
[Date "2019.09.21"]
[Round "10.1"]
[White "Dimitrijevic, Aleksandra"]
[Black "Gvanceladze, Anna"]
[Result "0-1"]
[ECO "A11"]
[WhiteElo "2142"]
[BlackElo "2247"]
[Annotator "NA"]
[PlyCount "94"]
[EventDate "2019.09.14"]
[EventType "tourn"]
[EventCountry "SVK"]
[SourceTitle "playchess.com"]
[Source "ChessBase"]
[SourceQuality "1"]
[TimeControl "40/5400+30:1800+30"]

1. c4 c6 2. b3 d5 3. Bb2 Nf6 4. e3 Bf5 5. Nf3 h6 6. Be2 e6 7. O-O Nbd7 {[%emt 0:00:26] A12: English Opening: 1...c6 with b3 by White} 8. d3 (8. Nc3 Be7 9. d4 O-O 10. a3 a5 11. c5 Ne4 12. b4 b5 13. Nd2 Nxd2 14. Qxd2 Qc7 15. f4 Nf6 16. Bf3 axb4 17. axb4 Rxa1 18. Rxa1 {½-½ (31) Vachier Lagrave,M (2780)-Dreev,A (2649) chess.com INT 2018}) 8... Be7 9. a3 O-O 10. Nc3 Rc8 $146 ({Predecessor:} 10... a5 11. Rc1 Bh7 12. d4 {½-½ (35) Maghsoodloo,P (2421)-Darini,P (2470) Mashhad 2015}) 11. Qc2 Qc7 12. Rac1 Qb8 13. Rfd1 Bh7 14. cxd5 exd5 15. b4 Rfe8 16. Qb3 Qd6 17. d4 (17. Na4 $11) 17... b5 $1 18. Ne5 Nb6 19. Nb1 Nc4 20. Nd2 a5 (20... a6 ) 21. Bc3 Rc7 22. Nd3 Ra8 23. Nc5 Rca7 24. Ra1 Bf5 25. Nf1 Ne4 26. Be1 axb4 27. Bxb4 Qg6 28. Ra2 h5 29. f3 Nxc5 30. dxc5 Be6 31. Bd3 f5 32. Bb1 Qf7 33. Qc3 $19 Qf8 34. Qd4 Bf6 35. Qf4 Be5 36. Qh4 Nxa3 37. Qxh5 Nxb1 38. Rxa7 Rxa7 39. Rxb1 Bf6 40. Qg6 Qf7 41. Qg3 Ra4 42. Qe1 Ra2 43. Ng3 Bh4 44. Ra1 d4 45. Rxa2 Bxa2 46. exd4 f4 47. Qe4 Bd5 0-1

[Event "Arisan Chess Ladies WGM 2019"]
[Site "Modra-Piesok"]
[Date "2019.09.21"]
[Round "10.3"]
[White "Kantorik, Marian"]
[Black "Trippold, Denise"]
[Result "1-0"]
[ECO "A14"]
[WhiteElo "2150"]
[BlackElo "2184"]
[Annotator "NA"]
[PlyCount "143"]
[EventDate "2019.09.14"]
[EventType "tourn"]
[EventCountry "SVK"]
[SourceTitle "playchess.com"]
[Source "ChessBase"]
[SourceQuality "1"]
[TimeControl "40/5400+30:1800+30"]

1. Nf3 d5 2. c4 e6 3. g3 Nf6 4. Bg2 Be7 5. O-O O-O 6. d4 dxc4 7. Na3 Bxa3 8. bxa3 b5 9. a4 {[%emt 0:03:40] E05: Open Catalan: 5 Nf3 Be7} a6 10. Ne5 (10. Rb1 c6 11. Qc2 Nbd7 12. e4 Re8 13. Rd1 h6 14. Ba3 Qa5 15. Ne5 Qc7 16. Qb2 c5 17. Nxd7 Bxd7 18. Bxc5 {½-½ (37) Ivanisevic,I (2648)-Tadic,B (2545) Belgrade 2014}) 10... Nd5 11. Qc2 $146 ({Predecessor:} 11. Ba3 Re8 12. e4 Nf6 13. Nxf7 Kxf7 14. e5 Nd5 15. Qh5+ Kg8 16. Be4 g6 17. Bxg6 hxg6 18. Qxg6+ {½-½ (26) Borhy,M (2195)-Leisenberger,H (2105) Austria 2018}) 11... Bb7 12. Ba3 Re8 13. Rab1 c6 14. Nxc4 Qc7 15. Nd6 Rd8 16. Nxb7 Qxb7 17. Rfc1 Qd7 18. Bc5 Qe8 19. a5 Rc8 20. e4 Ne7 21. Rb3 Nd7 22. Bd6 Ra7 $16 23. Rc3 Nb8 24. d5 Qd8 25. Bc5 Rd7 26. Bb6 Qe8 27. Bh3 exd5 28. Bxd7 Qxd7 29. Re3 d4 30. Rd3 c5 31. Bxc5 Nbc6 32. Bxe7 Nxe7 33. Qd2 Rd8 34. Rc5 h6 35. Kg2 Qd6 36. Qc2 Qe6 37. f3 Rd7 38. a4 bxa4 39. Qxa4 Qd6 40. Rc4 Rb7 41. Rc2 Rd7 42. Qc4 Ng6 43. Qc5 Qf6 44. Qc8+ Rd8 45. Qf5 Qxf5 46. exf5 Ne7 47. Rc5 g6 48. fxg6 fxg6 49. Kf2 Kf7 50. Ke2 h5 51. Rb3 Rd7 52. Kd2 Nf5 53. Rb6 d3 54. Rxf5+ gxf5 55. Rxa6 Rd5 56. f4 Rb5 57. Kxd3 Rb2 58. Rb6 Rxh2 59. Kd4 Ra2 60. a6 Ra5 61. Kc4 h4 62. gxh4 Kg7 63. Kb4 Ra1 64. Kb5 Ra2 65. Kc6 Kh6 66. Kb7+ Kh5 67. a7 Kxh4 68. Ra6 Rb2+ 69. Kc7 Rc2+ 70. Kd7 Rd2+ 71. Ke7 Re2+ 72. Kf7 1-0